 Dungeon Crawl Stone Soup version 0.31.0-12-g77e489cdc1 (webtiles) character file.

Game seed: 5828563456605230884

2450 Curundu the Cruncher (level 9, -11/79 HPs)
             Began as a Minotaur Berserker on Feb 23, 2024.
             Was a Priest of Trog.
             Mangled by Maggie
             ... wielding a +4 broad axe of electrocution
              (16 damage)
             ... on level 6 of the Dungeon.
             The game lasted 00:13:30 (5575 turns).

Curundu the Cruncher (Minotaur Berserker)           Turns: 5575, Time: 00:13:33

Health: -11/79     AC:  5    Str: 26    XL:     9   Next: 25%
Magic:  8/8        EV: 13    Int:  4    God:    Trog [***...]
Gold:   318        SH:  0    Dex: 10    Spells: 8/8 levels left

rFire   . . .        n - +3 quarterstaff (chaos)
rCold   . . .        (shield currently unavailable)
rNeg    . . .        b - +0 animal skin
rPois   +            (helmet restricted)
rElec   .            o - +2 cloak {rPois}
rCorr   .            (no gloves)
SInv    .            (no boots)
Will    ++...        (no amulet)
Stlth   ++           (no ring)
HPRegen 1.33/turn    (no ring)
MPRegen 0.11/turn

%: no passive effects
@: strong-willed, regenerating
A: horns 2, retaliatory headbutt
a: Renounce Religion, Berserk, Trog's Hand


You were on level 6 of the Dungeon.
You worshipped Trog.
Trog was most pleased with you.
You visited 2 branches of the dungeon, and saw 7 of its levels.

You collected 318 gold pieces.

Inventory:

Hand Weapons
 a - a +0 hand axe
 n - a +3 quarterstaff of chaos (weapon)
Missiles
 w - 4 boomerangs (quivered)
Armour
 b - a +0 animal skin (worn)
 o - a +2 cloak of poison resistance (worn)
 t - a +0 buckler
Jewellery
 i - a +4 ring of protection
 l - a ring of fire
Scrolls
 d - 4 scrolls of enchant armour {unknown}
 h - 5 scrolls of identify {unknown}
 j - 2 scrolls of poison {unknown}
 k - a scroll of amnesia {unknown}
 m - 2 scrolls of revelation {unknown}
 p - 2 scrolls of immolation {unknown}
 q - 2 scrolls of teleportation {unknown}
 s - 3 scrolls of blinking {unknown}
 y - a scroll of fog {unknown}
Potions
 c - 4 potions of heal wounds {unknown}
 e - a potion of haste {unknown}
 f - 4 potions of curing {unknown}
 g - 2 potions of enlightenment {unknown}
 r - 2 potions of lignification {unknown}
 u - 2 potions of might {unknown}
 v - 2 potions of degeneration {unknown}
 x - 2 potions of mutation {unknown}
 z - a potion of brilliance {unknown}
 A - a potion of attraction {unknown}


   Skills:
 + Level 7.6 Fighting
 + Level 6.5 Axes
 + Level 9.0 Staves
 + Level 2.8 Armour
 + Level 6.1 Dodging
 + Level 3.5 Stealth


You had 8 spell levels left.
You didn't know any spells.
Your spell library was empty.

Dungeon Overview and Level Annotations

Branches:
Dungeon (6/15)             Temple (1/1) D:4

Altars:
Ashenzari
Cheibriados
Dithmenos
Elyvilon
Fedhas
Gozag
Hepliaklqana
Kikubaaqudgha
Nemelex Xobeh
Ru
Trog
Uskayaw
Vehumet
Wu Jian
Yredelemnul
Zin
The Shining One

Annotations:
D:6 Maggie


Innate Abilities, Weirdness & Mutations

You have a pair of horns on your head.
You reflexively headbutt those who attack you in melee.


Message History

Items here: )) [[ ††.
Okay, then.
Things that are here:
a +0 club; an orc corpse You open the door.
There is an open door here.
You open the door.
There is an open door here.
Maggie the Vainglorious comes into view.
She is wielding a +4 broad axe of electrocution.
Maggie shouts!
Your skin crawls.
You feel strong-willed.
Maggie hits you with a +4 broad axe of electrocution!
You hit Maggie but do no damage. You headbutt Maggie.
Maggie is lightly wounded.
Maggie mumbles some strange words.
Maggie attempts to bespell you! You resist with almost no effort.
You hit Maggie but do no damage.
Maggie is lightly wounded.
Maggie hits you with a +4 broad axe of electrocution.
You sock Maggie!
Maggie seems to speed up.
Maggie is moderately wounded.
Maggie gestures wildly while chanting.
Maggie attempts to bespell you!
You are mesmerised by Maggie!
You sock Maggie! You headbutt Maggie!
Maggie is heavily wounded.
Maggie barely misses you.
You hit Maggie.
Maggie flies into a frenzy!
Maggie is heavily wounded.
You are no longer entranced.
Maggie hits you with a +4 broad axe of electrocution!!
You are electrocuted!!
You hit Maggie. You freeze Maggie.
Maggie is severely wounded.
Maggie closely misses you.
Maggie hits you with a +4 broad axe of electrocution!!
* * * LOW HITPOINT WARNING * * *
You are electrocuted!
You die...

#..#......########
###..#...............#
.##..##'####.........#
......)....#.........#
......))...#.........#
.##.†##....#.........#
.##..##....#.........#
.##..#######...[.....#
.##... #....@@...#
......+....#....######
......#....#....#
#######....#....#
......#..).#....######
......#....#.........#
......#....##'##.....#
......#.....#..#.....#
......#.....#..#.....#


You could see the neutral Maggie (fast, strong, frenzied).

Vanquished Creatures
  Sigmund (D:2)
  Eustachio (D:4)
  A wraith (D:6)
  Menkaure (D:4)
  2 ice beasts
  A sky beast (D:6)
  3 ogres (D:6)
  Blork the orc (D:5)
  2 bullfrogs
  5 wights (D:6)
  An electric eel (D:6)
  4 bombardier beetles
  A howler monkey (D:2)
  5 jellies
  A hound (D:5)
  Crazy Yiuf (D:2)
  A gnoll bouda (D:4)
  Terence (D:2)
  An iguana (D:6)
  Natasha (thrice) (D:3)
  2 orc wizards (D:6)
  7 gnolls
  8 adders
  A shadow imp (D:5)
  2 white imps
  4 ufetubi (D:6)
  2 ribbon worms
  4 dart slugs
  9 orcs
  3 ball pythons
  6 bats
  9 endoplasms
  4 giant cockroaches
  9 goblins
  4 hobgoblins
  10 kobolds
  4 quokkas
  6 frilled lizards
  5 rats
136 creatures vanquished.

Notes
Turn   | Place    | Note
-------+----------+-------------------------------------------
     0 | D:1      | Curundu the Minotaur Berserker began the quest for the Orb.
     0 | D:1      | Reached XP level 1. HP: 19/19 MP: 0/0
   112 | D:1      | Reached XP level 2. HP: 27/27 MP: 1/1
   339 | D:1      | Reached XP level 3. HP: 28/33 MP: 2/2
   548 | D:1      | Found a snail-covered altar of Cheibriados.
   695 | D:2      | Reached XP level 4. HP: 41/41 MP: 3/3
   875 | D:2      | Reached ** piety under Trog
   876 | D:2      | Reached skill level 5 in Axes
   883 | D:2      | Reached skill level 5 in Fighting
  1021 | D:2      | Noticed Sigmund
  1034 | D:2      | Killed Sigmund
  1035 | D:2      | Reached XP level 5. HP: 48/48 MP: 0/4
  1035 | D:2      | Reached XP level 6. HP: 56/56 MP: 0/5
  1342 | D:2      | Found a runed translucent door.
  1343 | D:2      | Noticed Crazy Yiuf
  1349 | D:2      | Killed Crazy Yiuf
  1404 | D:2      | Noticed Terence
  1409 | D:2      | Killed Terence
  1410 | D:2      | Reached skill level 1 in Stealth
  1420 | D:2      | Identified the +7 dagger of Ketupsekk {pain, rF- Will+
                  | Int+3}
  1931 | D:3      | Noticed Natasha
  1936 | D:3      | Killed Natasha
  2000 | D:3      | Reached skill level 1 in Staves
  2060 | D:3      | Noticed Natasha
  2066 | D:3      | Killed Natasha
  2067 | D:3      | Reached XP level 7. HP: 51/62 MP: 6/6
  2163 | D:3      | Noticed Natasha
  2168 | D:3      | Killed Natasha
  2169 | D:3      | Reached skill level 2 in Staves
  2669 | D:4      | Noticed Menkaure
  2674 | D:4      | Killed Menkaure
  2675 | D:4      | Reached skill level 3 in Staves
  2798 | D:4      | Reached skill level 4 in Staves
  2807 | D:4      | Reached *** piety under Trog
  2879 | D:4      | Found a hide-covered altar of Uskayaw.
  2928 | D:4      | Identified the +1 rapier of the Orb {flame, rElec}
  3003 | D:4      | Noticed Eustachio
  3041 | D:4      | Killed Eustachio
  3042 | D:4      | Reached skill level 5 in Staves
  3042 | D:4      | Reached XP level 8. HP: 70/71 MP: 7/7
  3302 | D:4      | Found a staircase to the Ecumenical Temple.
  3315 | Temple   | Entered the Ecumenical Temple
  3383 | D:5      | Entered Level 5 of the Dungeon
  3458 | D:5      | Found a broken altar of Ashenzari.
  3892 | D:5      | Noticed Blork the orc
  3900 | D:5      | Killed Blork the orc
  3901 | D:5      | Reached skill level 6 in Staves
  3901 | D:5      | Reached skill level 5 in Dodging
  4304 | D:6      | Identified the +6 plate armour of Fucwux {Dex+4}
  4508 | D:6      | Reached skill level 7 in Staves
  4641 | D:6      | Reached skill level 8 in Staves
  4862 | D:6      | Reached XP level 9. HP: 65/79 MP: 8/8
  5412 | D:6      | Reached skill level 9 in Staves
  5566 | D:6      | Noticed Maggie
  5575 | D:6      | Mangled by Maggie

Illustrated notes

Levels and vault maps discovered:
D:1:      dpeg_arrival_lava_altar, layout_rooms
D:2:      layout_basic, uniq_terence, uniq_crazy_yiuf_cottage, uniq_sigmund
D:3:      minmay_diamond_boxcup, layout_loops_ring, minmay_misc_feat_tiny,
          st_stairs_6, grunt_ministairs_1, nicolae_kite_square_tiling_tiny,
          uniq_natasha
D:4:      layout_basic, eat_drink_and_be_merry_uskayaw, temple_hall,
          dk_noncrumbling_3, hex_large, uniq_eustachio, uniq_menkaure
D:5:      layout_loops_corners, nicolae_ashenzari_panopticon, uniq_blork_the_orc
D:6:      layout_gridville, amcnicky_mini_corridor_feature,
          serial_bayou_lagoon_a, nrook_loot_triangle, grunt_ministairs_8,
          uniq_maggie
Temple:   bh_familiar_temple

Skill      XL: |  1  2  3  4  5  6  7  8  9 |
---------------+----------------------------+-----
Fighting       | 4 5 6 7 |  7.6
Axes           | 4 5 6 |  6.5
Dodging        | 3 4 5 6 |  6.1
Stealth        | 1 2 3 |  3.5
Staves         | 1 5 8 9 |  9.0
Armour         | |  2.8

Action                     |  1- 3 |  4- 6 |  7- 9 || total
---------------------------+-------+-------+-------++-------
  Melee: Hand axe          |    56 |    39 |       ||    95
         Headbutt          |     5 |     8 |    28 ||    41
         Quarterstaff      |       |    44 |   189 ||   233
 Invoke: Trog's Hand       |       |     3 |     5 ||     8
         Berserk           |       |     1 |       ||     1
   Stab: Sleeping          |     1 |     1 |     3 ||     5
         Confused          |       |       |     2 ||     2
 Armour: Animal skin       |    35 |    57 |   126 ||   218
  Dodge: Dodged            |    33 |    58 |   150 ||   241
